cohdb
Replays
Latest Replays
All Replays
Popular Replays
Top Player Replays
Match Explorer
How It Works
Community
CoH3 Stats
Reddit
Sign in to upload your games and track your stats! →
Sign in with Steam
Match 45435980
Unlisted
Match 45435980
Overview
Messages
Build Orders
End
Selects Italian Combined Arms Battlegroup
Selects Bersaglieri Squad
Selects Bersaglieri Squad
Bersaglieri Squad
250 Light Carrier
Bersaglieri Squad
Construct Light Support Kompanie
2.5-tonne Medical Truck
Bersaglieri Squad
Selects Bersaglieri Bolster
Forward Retreat Point
Advanced Field Repairs
Selects Breda Model 30 Light Machine Guns
Fire Support Elements
Panzerjäger Squad
Construct Panzerarmee Kommand
Selects Semovente da 75/18 Assault Gun
Selects Strafing Run
Walking Stuka Rocket Launcher
Strafing Run
Walking Stuka Rocket Launcher
Assault Mechanized Group
Walking Stuka Rocket Launcher
Walking Stuka Rocket Launcher
Bersaglieri Squad
Bersaglieri Squad
Strafing Run
Bersaglieri Squad
AI Takeover
Cool
livaï
gegi
Pinec0ne
Stoly
Roger Roach
[-ÓJ-] Hardcore デジデリウ
GBUP
0
0
Comments
sign in to comment!
No comments posted yet!